 Dungeon Crawl Stone Soup version 0.31.0-11-ge490571c62 (webtiles) character file.

Game seed: 14697593917011681388

9965 notrandom the Basher (level 11, -6/89 HPs)
             Began as a Gnoll Cinder Acolyte on Feb 2, 2024.
             Was a High Priest of Ignis.
             Mangled by a warg (13 damage)
             ... on level 10 of the Dungeon.
             The game lasted 00:48:46 (15831 turns).

notrandom the Basher (Gnoll Cinder Acolyte)        Turns: 15831, Time: 00:48:46

Health: -6/89      AC: 10    Str: 16    XL:     11   Next: 54%
Magic:  12/21      EV: 19    Int: 14    God:    Ignis [*****.]
Gold:   570        SH:  0    Dex: 18    Spells: 22/24 levels left

rFire   + . .        a - +4 dire flail (holy)
rCold   . . .        (shield currently unavailable)
rNeg    . . .        x - +0 ring mail of Makhleb {rPois rCorr}
rPois   +            X - +1 helmet {SInv}
rElec   .            p - +0 cloak
rCorr   +            (no gloves)
SInv    +            (no boots)
Will    .....        v - amulet "Duixte Gyest" {Faith Dex+3}
Stlth   +++          N - +6 ring of dexterity
HPRegen 0.34/turn    s - +5 ring of evasion
MPRegen 0.17/turn

%: faith
@: about to teleport
A: fangs 1, strong nose, distributed training
a: Renounce Religion, Fiery Armour, Foxfire Swarm, Rising Flame


You were on level 10 of the Dungeon.
You worshipped Ignis.
Ignis was extremely pleased with you.
You visited 2 branches of the dungeon, and saw 11 of its levels.

You collected 817 gold pieces.
You spent 247 gold pieces at shops.

Inventory:

Hand Weapons
 a - a +4 dire flail of holy wrath (weapon)
 b - a +4 sling
 o - a +0 whip of flaming
 y - a -1 mace of flaming
 C - a +2 spectral club
 K - a +0 flail
 Q - a +3 trident of draining
 R - a +3 scimitar of flaming
Missiles
 w - a javelin
 L - 5 boomerangs (quivered)
Armour
 g - a +0 leather armour
 h - a +0 robe
 j - a +0 kite shield
 k - a +0 ring mail
 l - a +0 buckler
 p - a +0 cloak (worn)
 x - the +0 ring mail of Makhleb (worn) {rPois rCorr}
   (You found it on level 4 of the Dungeon)

   rPois:     It protects you from poison rCorr: It protects you from acid and
   corrosion.
 D - a +2 ring mail of cold resistance
 X - a +1 helmet of see invisible (worn)
 Y - +0 steam dragon scales
Magical Staves
 e - a staff of air
 f - a staff of fire
Jewellery
 c - a ring of wizardry
 s - a +5 ring of evasion (right hand)
 v - the amulet "Duixte Gyest" (around neck) {Faith Dex+3}
   (You took it off an orc on level 8 of the Dungeon)

   [amulet of faith]

   Faith:     It allows you to gain divine favour quickly.
   Dex+3:     It affects your dexterity (+3).
 M - a ring of positive energy
 N - a +6 ring of dexterity (left hand)
 P - a ring of magical power
Talismans
 u - a flux talisman
Wands
 B - a wand of flame (12)
 F - a wand of paralysis (20)
 G - a wand of iceblast (15)
Scrolls
 i - a scroll of noise
 r - a scroll of identify
 t - a scroll of teleportation
 E - a scroll of acquirement {unknown}
 H - a scroll of immolation {unknown}
 O - a scroll of enchant weapon {unknown}
 S - a scroll of summoning {unknown}
 T - 2 scrolls of silence {unknown}
 U - a scroll of poison {unknown}
 V - a scroll of vulnerability
 W - a scroll of amnesia {unknown}
Potions
 d - 4 potions of might
 m - 2 potions of attraction
 n - 2 potions of lignification {unknown}
 q - 4 potions of curing
 A - 2 potions of brilliance
 I - a potion of haste {unknown}
 J - a potion of enlightenment
 Z - a potion of invisibility {unknown}


   Skills:
 + Level 9.4 Fighting
 + Level 6.6 Short Blades
 + Level 6.6 Long Blades
 + Level 6.6 Axes
 + Level 9.4 Maces & Flails
 + Level 6.6 Polearms
 + Level 6.6 Staves
 + Level 6.6 Ranged Weapons
 + Level 6.6 Throwing
 + Level 6.6 Armour
 + Level 6.6 Dodging
 + Level 6.6 Stealth
 + Level 6.6 Shields
 + Level 6.6 Unarmed Combat
 + Level 7.3 Spellcasting
 + Level 5.5 Conjurations
 + Level 5.5 Hexes
 + Level 5.5 Summonings
 + Level 5.5 Necromancy
 + Level 5.5 Translocations
 + Level 7.8 Fire Magic
 + Level 5.5 Ice Magic
 + Level 5.5 Air Magic
 + Level 5.5 Earth Magic
 + Level 5.5 Alchemy
 + Level 7.3 Invocations
 + Level 6.6 Evocations
 + Level 6.0 Shapeshifting


You had 22 spell levels left.
You knew the following spells:

 Your Spells              Type           Power      Damage    Failure   Level
a - Scorch                Fire           54%        2d7       1%          2

Your spell library contained the following spells:

 Spells                   Type           Power      Damage    Failure   Level
 Ensorcelled Hibernation  Hex/Ice        40%        N/A       3%          2
 Fugue of the Fallen      Necr           20%        N/A       8%          3
 Anguish                  Hex/Necr       10%        N/A       24%         4


Dungeon Overview and Level Annotations

Branches:
Dungeon (10/15)            Temple (1/1) D:7            Lair (0/5) D:10
    Orc (0/2) D:10

Altars:
Ashenzari
Cheibriados
Dithmenos
Elyvilon
Fedhas
Gozag
Hepliaklqana
Kikubaaqudgha
Makhleb
Nemelex Xobeh
Okawaru
Qazlal
Ru
Sif Muna
Trog
Uskayaw
Vehumet
Wu Jian
Xom
Yredelemnul
Zin
The Shining One

Shops:
D:10 [

Annotations:
D:7 exclusion: downstairs
D:10 2 runed translucent doors


Innate Abilities, Weirdness & Mutations

You have very sharp teeth.
Your uncanny sense of smell can sniff out nearby items.
Your experience applies equally to all skills.


Message History

The warg closely misses you.
You hit the warg but do no damage.
The warg is moderately wounded.
Casting: Scorch (safe; 1% risk of failure)
Confirm with . or Enter, or press ? or * to list all spells.
Flames lash the warg.
The warg is burned terribly!
The warg is moderately wounded.
The warg barely misses you. The warg bites you! The warg barely misses you.
Casting: Scorch (safe; 1% risk of failure)
Confirm with . or Enter, or press ? or * to list all spells.
Flames lash the warg but do no damage.
The warg barely misses you. The warg misses you.
Casting: Scorch (safe; 1% risk of failure)
Confirm with . or Enter, or press ? or * to list all spells.
Flames lash the warg.
The warg is lightly wounded.
The warg's fire resistance burns away.
The warg bites you. The warg completely misses you.
The orc priest mumbles some strange prayers to Beogh against you.
Beogh smites you! The warg bites you!! The warg bites you!
Casting: Scorch (safe; 1% risk of failure)
Confirm with . or Enter, or press ? or * to list all spells.
Flames lash the warg.
The warg is burned terribly!
The warg is heavily wounded.
The warg closely misses you. x2
Casting: Scorch (safe; 1% risk of failure)
Confirm with . or Enter, or press ? or * to list all spells.
Flames lash the warg but do no damage.
The warg closely misses you. The warg bites you!!
* * * LOW HITPOINT WARNING * * *
The warg barely misses you. The warg bites you!
* * * LOW HITPOINT WARNING * * *
Blink to where?
Press: ? - help, Dir - move target
As you read the scroll of blinking, it crumbles to dust.
The warg is no longer more vulnerable to fire.
As you read the scroll of teleportation, it crumbles to dust.
You feel strangely unstable. The warg attacks as it pursues you!
The warg misses you. The warg bites you!
You die...

### ....##..............###.... #
#...##..........#...≈...#. ∆
#.....##....# #..#...#..# ∆
+.8...##....# #.##.PP##.# .
∆##...h.##....# #...PPP...#
....####...##.......# #≈.PP>P..≈#
#........##........###..PPPP...#
#########'#....h......#.##.PP##.#
##.h....h.######@.....#..#...#..#
...h####...## #.......#...≈...#.
.8.## ##.8.####...##.....###....
..o'h??.+...#......###...........
.8.##o.##.8.#......###.....###...
....####...##..<..........####...
##........##.....................
#########'######.........>.......
##........######.................


You could see 2 wargs.

Vanquished Creatures
  Erolcha (D:9)
  Erica (D:8)
  Pikel (D:5)
  Jeremiah (D:8)
  A komodo dragon (D:8)
  Psyche (D:8)
  3 shadows
  A wyvern (D:9)
  16 yaks
  A steam dragon (D:9)
  Edmund (D:5)
  An acid dragon (D:9)
  2 water moccasins (D:7)
  5 black bears
  6 orc warriors
  2 ogres (D:6)
  2 centaurs
  2 phantoms (D:5)
  2 lemures (D:5)
  A kobold brigand (D:9)
  A gnoll sergeant (D:7)
  2 bullfrogs (D:7)
  3 scorpions
  5 wights (D:7)
  9 killer bees
  3 electric eels (D:6)
  5 howler monkeys
  A bombardier beetle (D:4)
  A gnoll bouda (D:9)
  A hound (D:6)
  11 orc priests
  Crazy Yiuf (D:5)
  2 iguanas
  A sleepcap (D:6)
  Jessica (D:2)
  11 orc wizards
  16 gnolls
  7 adders
  A shadow imp (D:6)
  A white imp (D:6)
  10 dart slugs
  47 orcs
  6 endoplasms
  2 giant cockroaches
  26 goblins
  36 hobgoblins
  6 jackals
  12 kobolds
  2 quokkas (D:4)
  12 ball pythons
  2 frilled lizards
  7 rats
302 creatures vanquished.

Vanquished Creatures (others)
  A goblin (D:8)
1 creature vanquished.

Grand Total: 303 creatures vanquished

Notes
Turn   | Place    | Note
-------+----------+-------------------------------------------
     0 | D:1      | notrandom the Gnoll Cinder Acolyte began the quest for the
                  | Orb.
     0 | D:1      | Reached XP level 1. HP: 23/23 MP: 4/4
   336 | D:1      | Reached XP level 2. HP: 29/29 MP: 5/5
   339 | D:1      | Learned a level 2 spell: Scorch
  1144 | D:2      | Reached XP level 3. HP: 26/35 MP: 0/7
  1231 | D:2      | Reached skill level 1 in Invocations
  1354 | D:2      | Reached skill level 1 in Short Blades
  1354 | D:2      | Reached skill level 1 in Long Blades
  1354 | D:2      | Reached skill level 1 in Axes
  1354 | D:2      | Reached skill level 1 in Polearms
  1354 | D:2      | Reached skill level 1 in Staves
  1354 | D:2      | Reached skill level 1 in Ranged Weapons
  1354 | D:2      | Reached skill level 1 in Throwing
  1354 | D:2      | Reached skill level 1 in Armour
  1354 | D:2      | Reached skill level 1 in Dodging
  1354 | D:2      | Reached skill level 1 in Stealth
  1354 | D:2      | Reached skill level 1 in Shields
  1354 | D:2      | Reached skill level 1 in Unarmed Combat
  1354 | D:2      | Reached skill level 1 in Evocations
  1465 | D:2      | Noticed Jessica
  1492 | D:2      | Killed Jessica
  1493 | D:2      | Reached skill level 1 in Shapeshifting
  1493 | D:2      | Reached XP level 4. HP: 26/41 MP: 1/8
  1595 | D:2      | Reached skill level 1 in Conjurations
  1595 | D:2      | Reached skill level 1 in Hexes
  1595 | D:2      | Reached skill level 1 in Summonings
  1595 | D:2      | Reached skill level 1 in Necromancy
  1595 | D:2      | Reached skill level 1 in Translocations
  1595 | D:2      | Reached skill level 1 in Ice Magic
  1595 | D:2      | Reached skill level 1 in Air Magic
  1595 | D:2      | Reached skill level 1 in Earth Magic
  1595 | D:2      | Reached skill level 1 in Alchemy
  2343 | D:3      | Found a white marble altar of Elyvilon.
  2406 | D:3      | Reached XP level 5. HP: 47/47 MP: 6/9
  3885 | D:4      | Reached XP level 6. HP: 53/53 MP: 5/11
  4125 | D:4      | Identified the +3 short sword of Seasop {freeze, *Slow MP+9
                  | Str-2 Dex+8}
  4498 | D:4      | Identified the +0 ring mail of Makhleb {rPois rCorr}
  5524 | D:5      | Entered Level 5 of the Dungeon
  5762 | D:5      | Found a runed translucent door.
  5763 | D:5      | Noticed Crazy Yiuf
  5895 | D:5      | Noticed Edmund
  5903 | D:5      | Noticed Pikel
  6084 | D:4      | Reached XP level 7. HP: 59/60 MP: 3/12
  6203 | D:5      | Found an ancient bone altar of Kikubaaqudgha.
  6303 | D:5      | Killed Edmund
  6530 | D:5      | Killed Pikel
  6531 | D:5      | Reached XP level 8. HP: 66/67 MP: 10/14
  7118 | D:5      | Killed Crazy Yiuf
  7695 | D:6      | Reached XP level 9. HP: 73/73 MP: 16/16
  7925 | D:6      | Reached skill level 5 in Spellcasting
  8117 | D:6      | Found a sacrificial altar of Ru.
  8220 | D:6      | Found a burning altar of Makhleb.
  8552 | D:7      | Found a broken altar of Ashenzari.
  8785 | D:7      | Reached skill level 5 in Invocations
  9130 | D:7      | Found a staircase to the Ecumenical Temple.
  9551 | D:8      | Noticed Psyche
  9637 | D:8      | Noticed Jeremiah
  9639 | D:8      | Identified the amulet "Duixte Gyest" {Faith Dex+3}
 10251 | D:8      | Noticed Erica
 10404 | D:7      | Reached skill level 5 in Short Blades
 10404 | D:7      | Reached skill level 5 in Long Blades
 10404 | D:7      | Reached skill level 5 in Axes
 10404 | D:7      | Reached skill level 5 in Polearms
 10404 | D:7      | Reached skill level 5 in Staves
 10404 | D:7      | Reached skill level 5 in Ranged Weapons
 10404 | D:7      | Reached skill level 5 in Throwing
 10404 | D:7      | Reached skill level 5 in Armour
 10404 | D:7      | Reached skill level 5 in Dodging
 10404 | D:7      | Reached skill level 5 in Stealth
 10404 | D:7      | Reached skill level 5 in Shields
 10404 | D:7      | Reached skill level 5 in Unarmed Combat
 10404 | D:7      | Reached skill level 5 in Evocations
 10404 | D:7      | Reached XP level 10. HP: 75/81 MP: 9/18
 10516 | Temple   | Entered the Ecumenical Temple
 11831 | D:8      | Killed Erica
 11832 | D:8      | Reached skill level 5 in Shapeshifting
 11833 | D:8      | Killed Jeremiah
 11976 | D:8      | Killed Psyche
 12906 | D:9      | Noticed Erolcha
 13260 | D:9      | Reached skill level 5 in Conjurations
 13260 | D:9      | Reached skill level 5 in Hexes
 13260 | D:9      | Reached skill level 5 in Summonings
 13260 | D:9      | Reached skill level 5 in Necromancy
 13260 | D:9      | Reached skill level 5 in Translocations
 13260 | D:9      | Reached skill level 5 in Ice Magic
 13260 | D:9      | Reached skill level 5 in Air Magic
 13260 | D:9      | Reached skill level 5 in Earth Magic
 13260 | D:9      | Reached skill level 5 in Alchemy
 13434 | D:9      | Reached XP level 11. HP: 80/89 MP: 11/21
 13440 | D:9      | Killed Erolcha
 14556 | D:10     | Entered Level 10 of the Dungeon
 14556 | D:10     | Noticed a sixfirhy
 14556 | D:10     | Found a runed translucent door.
 15034 | D:10     | Found a runed translucent door.
 15284 | D:10     | Found a staircase to the Lair.
 15339 | D:10     | Found Vofait's Armour Shop.
 15412 | D:10     | Bought a +1 helmet of see invisible for 247 gold pieces
 15798 | D:10     | Found a staircase to the Orcish Mines.
 15821 | D:10     | HP: 3/89 [warg (12)]
 15831 | D:10     | Mangled by a warg

Illustrated notes

Levels and vault maps discovered:
D:1:      dpeg_arrival_leaves_temple_mockup, layout_basic, minmay_statues_item
D:2:      layout_loops_ring, minmay_pentomino_p2, uniq_jessica
D:3:      layout_basic, mainiacjoe_overflow_boulevard,
          chequers_serial_rivers_micro_e, minmay_unequal
D:4:      minmay_goblin_kobold_castle, layout_basic, minmay_diced_spiral
D:5:      layout_loops_ring, mainiacjoe_overflow_chevrons, dk_noncrumbling_2,
          uniq_edmund, uniq_crazy_yiuf_cottage, uniq_pikel
D:6:      kennysheep_slugbush, layout_loops_cross, grunt_temple_overflow_open,
          nrook_loot_triangle
D:7:      layout_loops_ring, mainiacjoe_overflow_tiny_flanked,
          lemuel_temple_firewalk_b
D:8:      layout_gridville, enter_bailey_4, uniq_jeremiah, uniq_erica,
          uniq_psyche
D:9:      layout_basic, uniq_erolcha
D:10:     cheibrodos_shockbox, layout_small_grid, dpeg_oklobed_lair,
          david_orc_1_choice, serial_shops, nicolae_shop_tiny_waterfront,
          minivault_11, minivault_27, grunt_ministairs_2, minmay_st_funbox
Temple:   bh_familiar_temple

Skill      XL: |  1  2  3  4  5  6  7  8  9 10 11 |
---------------+----------------------------------+-----
Invocations    | 1 2 3 4 5 6 7 |  7.3
Short Blades   | 1 2 3 5 6 |  6.6
Long Blades    | 1 2 3 5 6 |  6.6
Axes           | 1 2 3 5 6 |  6.6
Polearms       | 1 2 3 5 6 |  6.6
Staves         | 1 2 3 5 6 |  6.6
Ranged Weapons | 1 2 3 5 6 |  6.6
Throwing       | 1 2 3 5 6 |  6.6
Armour         | 1 2 3 5 6 |  6.6
Dodging        | 1 2 3 5 6 |  6.6
Stealth        | 1 2 3 5 6 |  6.6
Shields        | 1 2 3 5 6 |  6.6
Unarmed Combat | 1 2 3 5 6 |  6.6
Evocations     | 1 2 3 5 6 |  6.6
Spellcasting   | 3 4 5 6 7 |  7.3
Shapeshifting  | 1 2 3 4 5 6 |  6.0
Conjurations   | 1 2 3 4 5 |  5.5
Hexes          | 1 2 3 4 5 |  5.5
Summonings     | 1 2 3 4 5 |  5.5
Necromancy     | 1 2 3 4 5 |  5.5
Translocations | 1 2 3 4 5 |  5.5
Ice Magic      | 1 2 3 4 5 |  5.5
Air Magic      | 1 2 3 4 5 |  5.5
Earth Magic    | 1 2 3 4 5 |  5.5
Alchemy        | 1 2 3 4 5 |  5.5
Fighting       | 7 8 9 |  9.4
Maces & Flails | 7 8 9 |  9.4
Fire Magic     | 6 7 |  7.8

Action                     |  1- 3 |  4- 6 |  7- 9 | 10-12 || total
---------------------------+-------+-------+-------+-------++-------
  Melee: Mace              |    28 |    13 |       |       ||    41
         Bite              |     2 |     6 |     4 |    17 ||    29
         Club              |       |    83 |    32 |       ||   115
         Punch             |       |     3 |       |       ||     3
         Staff             |       |    12 |       |       ||    12
         Dire flail        |       |       |    35 |    99 ||   134
         Unarmed           |       |       |       |     4 ||     4
   Fire: Sling             |       |    27 |    64 |       ||    91
  Throw: Stone             |     3 |       |       |       ||     3
         Javelin           |       |       |     4 |     1 ||     5
         Boomerang         |       |       |    22 |    84 ||   106
   Cast: Scorch            |    29 |   100 |    91 |   219 ||   439
 Invoke: Fiery Armour      |       |       |       |     1 ||     1
  Evoke: Wand              |       |       |     6 |    10 ||    16
    Use: Scroll            |       |     6 |     7 |     7 ||    20
         Potion            |       |       |       |     1 ||     1
   Stab: Sleeping          |       |     1 |       |       ||     1
         Distracted        |       |     1 |       |       ||     1
 Armour: Robe              |     1 |       |       |       ||     1
         Leather armour    |     8 |     4 |       |       ||    12
         Ring mail         |       |    66 |    82 |   123 ||   271
         Skin              |       |       |       |     2 ||     2
  Dodge: Dodged            |    22 |    88 |    87 |   192 ||   389
